Workbook

Sheet Instrucciones
A2: Plantilla de pronóstico continuo
A3: Guía de uso para actualizar una proyección financiera móvil de doce meses.
A5: Objetivo y alcance | H5: ¿Quieres llevar este análisis un paso más allá? Conoce los Sistemas Premium de InfoExperiencia: recursos prácticos diseñados para ayudarte a profundizar tus análisis, organizar mejor tu negocio y tomar decisiones con mayor claridad.
A6: Registra el último mes cerrado y proyecta los doce meses siguientes. La plantilla calcula ventas, costos variables y un resultado operativo simplificado. También permite comparar el resultado real o el pronóstico vigente con una estimación anterior.
H8: https://infoexperiencia.com/sistemas-premium/
A9: Cómo usarla
A10: 1 | B10: Lee primero esta hoja y el glosario.
A11: 2 | B11: En “Pronóstico”, cambia la fecha de corte por el primer día del último mes cerrado. El ejemplo está cortado al 1 de octubre de 2026.
A12: 3 | B12: En la primera fila de datos, conserva Estado = Real e ingresa las unidades, el precio promedio, el costo variable unitario y los gastos operativos fijos reales del mes cerrado.
A13: 4 | B13: En las doce filas siguientes, ingresa los supuestos de cada mes futuro. La plantilla calcula ventas, costos variables y resultado operativo.
A14: 5 | B14: En “Pronóstico anterior”, pega el valor de ventas pronosticadas para ese mismo mes en la versión anterior. Para el mes nuevo que agregas al horizonte, déjalo vacío.
A15: 6 | B15: En “Causa o supuesto revisado”, explica cambios relevantes frente a la versión anterior. Así podrás rastrear qué cambió y por qué.
A16: 7 | B16: Revisa “Resumen” para ver el total de ventas y resultado operativo proyectado, los meses con resultado negativo y la tendencia mensual.
A17: 8 | B17: Guarda una copia del archivo con la fecha de corte cada vez que actualices el pronóstico. Esa copia conserva la versión anterior para comparar y recuperar el historial.
A19: Ejemplo incluido y campos editables
A20: El ejemplo corresponde a una tienda minorista. Se usa COP, un costo variable unitario de $75.000 y gastos operativos fijos de $15.000.000 mensuales. El ejemplo muestra octubre de 2026 como mes real cerrado y noviembre de 2026 a octubre de 2027 como horizonte de proyección.
A23: Color de celda | B23: Significado
A24: Amarillo claro | B24: Dato que puedes editar o actualizar
A26: Límites del cálculo
A27: El resultado operativo calculado es una aproximación: ventas menos costos variables y gastos operativos fijos. No equivale a utilidad neta ni a flujo de caja. No incorpora impuestos, intereses, depreciación, inversiones, deuda ni fechas de cobro y pago. Para decidir sobre liquidez, prepara además una proyección de caja.
A31: Si una proyección no está disponible, deja el dato vacío y completa la información cuando la tengas. No escribas cero para representar un dato faltante. Un cero significa que el valor estimado es realmente cero. Edita solo las celdas amarillas. No borres ni pegues encima de las columnas Periodo, Ventas, Costos variables, Resultado operativo, Variación y Estado de revisión. La plantilla usa COP y no convierte monedas.

Sheet Glosario
A2: Glosario
A3: Términos usados en esta plantilla.
A5: Término | B5: Definición en la plantilla | C5: Uso práctico | E5: ¿Quieres llevar este análisis un paso más allá? Conoce los Sistemas Premium de InfoExperiencia: recursos prácticos diseñados para ayudarte a profundizar tus análisis, organizar mejor tu negocio y tomar decisiones con mayor claridad.
A6: Causa o supuesto revisado | B6: Explicación breve de un cambio frente a la versión anterior. | C6: Ejemplo: menor tráfico esperado en noviembre.
A7: COP | B7: Código de moneda del peso colombiano. | C7: La plantilla usa COP y no convierte ni traduce los valores a otra moneda.
A8: Costo variable unitario | B8: Costo estimado asociado a cada unidad vendida. | C8: Si cambia proveedor o costo de producto, actualiza este supuesto. | E8: https://infoexperiencia.com/sistemas-premium/
A9: Costos variables | B9: Unidades multiplicadas por costo variable unitario. | C9: La plantilla calcula este valor automáticamente.
A10: Estado | B10: Indica si el periodo corresponde a un dato real cerrado o a una proyección. | C10: La primera fila es Real; las doce siguientes son Proyección.
A11: Forecast anterior | B11: Ventas estimadas para el mismo periodo en la versión previa. | C11: Se usa para comparar cuánto cambió la expectativa.
A12: Gastos operativos fijos | B12: Gastos operativos mensuales que en el ejemplo no dependen directamente de las unidades vendidas. | C12: Ajusta el dato según tu negocio y los compromisos del mes.
A13: Horizonte móvil | B13: Cantidad de periodos futuros que se mantienen en cada actualización. | C13: En esta plantilla son doce meses posteriores al último mes real.
A14: Mes de corte | B14: Primer día del mes más reciente que ya cerró y para el que se ingresan datos reales. | C14: Al cambiarlo, las trece fechas de la tabla avanzan desde ese mes.
A15: Periodo | B15: Mes al que corresponden los datos o la proyección. | C15: Se calcula a partir de la fecha del último mes cerrado.
A16: Precio promedio | B16: Ingreso promedio por unidad vendida, según el nivel de detalle usado. | C16: Ventas = unidades × precio promedio.
A17: Pronóstico continuo | B17: Proyección periódica que incorpora datos recientes y agrega un nuevo periodo futuro al cerrar otro. | C17: Al actualizar cada mes, conserva doce meses proyectados.
A18: Proyección | B18: Estimación para un mes futuro basada en los supuestos disponibles. | C18: Ingresa supuestos para los doce meses posteriores al mes real cerrado.
A19: Real | B19: Dato observado para un mes que ya terminó. | C19: La primera fila registra el último mes cerrado.
A20: Resultado operativo simplificado | B20: Ventas menos costos variables y gastos operativos fijos. | C20: No incluye intereses, impuestos, depreciación, inversiones ni caja.
... A23: Variación vs. forecast anterior | B23: Diferencia en pesos entre ventas actuales o reales y el forecast anterior. | C23: Un valor negativo indica que la expectativa actual es menor que la anterior.

Sheet Pronóstico
A2: Pronóstico continuo
A3: Captura el último mes cerrado y los doce meses futuros. Amarillo = editable; fórmulas = cálculo automático.
A5: Mes de corte | B5: 46296 | D5: Moneda | E5: COP
A7: Datos, supuestos y resultados mensuales
A8: Periodo | B8: Estado | C8: Unidades | D8: Precio promedio (COP/unidad) | E8: Ventas (COP) | F8: Costo variable unitario (COP/unidad) | G8: Costos variables (COP) | H8: Gastos operativos fijos (COP) | I8: Resultado operativo simplificado (COP) | J8: Forecast anterior de ventas (COP) | K8: Variación vs. forecast anterior (COP) | L8: Causa o supuesto revisado | M8: Estado de revisión
A9: =IF(NOT(ISNUMBER($B$5)),"REVISAR FECHA",DATE(YEAR($B$5),MONTH($B$5)+ROW()-9,1)) -> 46296 | B9: Real | C9: 368 | D9: 125000 | E9: =IF(M9<>"OK","",C9*D9) -> 46000000 | F9: 75000 | G9: =IF(M9<>"OK","",C9*F9) -> 27600000 | H9: 15000000 | I9: =IF(M9<>"OK","",E9-G9-H9) -> 3400000 | J9: 50000000 | K9: =IF(M9<>"OK","",IF(NOT(ISNUMBER(J9)),"Nuevo periodo",E9-J9)) -> -4000000 | L9: Ventas reales menores al forecast inicial de $50.000.000. | M9: =IF(NOT(ISNUMBER($B$5)),"REVISAR FECHA",IF(OR(COUNT(C9,D9,F9,H9)<COUNTA(C9,D9,F9,H9),AND(J9<>"",NOT(ISNUMBER(J9))),AND(ISNUMBER(J9),J9<0),C9<0,D9<0,F9<0,H9<0,C9>1000000000,D9>1000000000000,F9>1000000000000,H9>1000000000000,J9>1000000000000,IF(ISNUMBER(C9),C9<>INT(C9),FALSE)),"REVISAR",IF(COUNT(C9,D9,F9,H9)<4,"FALTA INFORMACIÓN","OK"))) -> OK
A10: =IF(NOT(ISNUMBER($B$5)),"REVISAR FECHA",DATE(YEAR($B$5),MONTH($B$5)+ROW()-9,1)) -> 46327 | B10: Proyección | C10: 392 | D10: 125000 | E10: =IF(M10<>"OK","",C10*D10) -> 49000000 | F10: 75000 | G10: =IF(M10<>"OK","",C10*F10) -> 29400000 | H10: 15000000 | I10: =IF(M10<>"OK","",E10-G10-H10) -> 4600000 | J10: 52000000 | K10: =IF(M10<>"OK","",IF(NOT(ISNUMBER(J10)),"Nuevo periodo",E10-J10)) -> -3000000 | L10: Se ajusta por menor tráfico observado en octubre. | M10: =IF(NOT(ISNUMBER($B$5)),"REVISAR FECHA",IF(OR(COUNT(C10,D10,F10,H10)<COUNTA(C10,D10,F10,H10),AND(J10<>"",NOT(ISNUMBER(J10))),AND(ISNUMBER(J10),J10<0),C10<0,D10<0,F10<0,H10<0,C10>1000000000,D10>1000000000000,F10>1000000000000,H10>1000000000000,J10>1000000000000,IF(ISNUMBER(C10),C10<>INT(C10),FALSE)),"REVISAR",IF(COUNT(C10,D10,F10,H10)<4,"FALTA INFORMACIÓN","OK"))) -> OK
A11: =IF(NOT(ISNUMBER($B$5)),"REVISAR FECHA",DATE(YEAR($B$5),MONTH($B$5)+ROW()-9,1)) -> 46357 | B11: Proyección | C11: 424 | D11: 125000 | E11: =IF(M11<>"OK","",C11*D11) -> 53000000 | F11: 75000 | G11: =IF(M11<>"OK","",C11*F11) -> 31800000 | H11: 15000000 | I11: =IF(M11<>"OK","",E11-G11-H11) -> 6200000 | J11: 55000000 | K11: =IF(M11<>"OK","",IF(NOT(ISNUMBER(J11)),"Nuevo periodo",E11-J11)) -> -2000000 | L11: Temporada de fin de año y promoción comercial. | M11: =IF(NOT(ISNUMBER($B$5)),"REVISAR FECHA",IF(OR(COUNT(C11,D11,F11,H11)<COUNTA(C11,D11,F11,H11),AND(J11<>"",NOT(ISNUMBER(J11))),AND(ISNUMBER(J11),J11<0),C11<0,D11<0,F11<0,H11<0,C11>1000000000,D11>1000000000000,F11>1000000000000,H11>1000000000000,J11>1000000000000,IF(ISNUMBER(C11),C11<>INT(C11),FALSE)),"REVISAR",IF(COUNT(C11,D11,F11,H11)<4,"FALTA INFORMACIÓN","OK"))) -> OK
A12: =IF(NOT(ISNUMBER($B$5)),"REVISAR FECHA",DATE(YEAR($B$5),MONTH($B$5)+ROW()-9,1)) -> 46388 | B12: Proyección | C12: 416 | D12: 125000 | E12: =IF(M12<>"OK","",C12*D12) -> 52000000 | F12: 75000 | G12: =IF(M12<>"OK","",C12*F12) -> 31200000 | H12: 15000000 | I12: =IF(M12<>"OK","",E12-G12-H12) -> 5800000 | J12: 54000000 | K12: =IF(M12<>"OK","",IF(NOT(ISNUMBER(J12)),"Nuevo periodo",E12-J12)) -> -2000000 | L12: Se conserva la expectativa estacional revisada. | M12: =IF(NOT(ISNUMBER($B$5)),"REVISAR FECHA",IF(OR(COUNT(C12,D12,F12,H12)<COUNTA(C12,D12,F12,H12),AND(J12<>"",NOT(ISNUMBER(J12))),AND(ISNUMBER(J12),J12<0),C12<0,D12<0,F12<0,H12<0,C12>1000000000,D12>1000000000000,F12>1000000000000,H12>1000000000000,J12>1000000000000,IF(ISNUMBER(C12),C12<>INT(C12),FALSE)),"REVISAR",IF(COUNT(C12,D12,F12,H12)<4,"FALTA INFORMACIÓN","OK"))) -> OK
A13: =IF(NOT(ISNUMBER($B$5)),"REVISAR FECHA",DATE(YEAR($B$5),MONTH($B$5)+ROW()-9,1)) -> 46419 | B13: Proyección | C13: 392 | D13: 125000 | E13: =IF(M13<>"OK","",C13*D13) -> 49000000 | F13: 75000 | G13: =IF(M13<>"OK","",C13*F13) -> 29400000 | H13: 15000000 | I13: =IF(M13<>"OK","",E13-G13-H13) -> 4600000 | J13: 52000000 | K13: =IF(M13<>"OK","",IF(NOT(ISNUMBER(J13)),"Nuevo periodo",E13-J13)) -> -3000000 | L13: La proyección incorpora el desempeño reciente. | M13: =IF(NOT(ISNUMBER($B$5)),"REVISAR FECHA",IF(OR(COUNT(C13,D13,F13,H13)<COUNTA(C13,D13,F13,H13),AND(J13<>"",NOT(ISNUMBER(J13))),AND(ISNUMBER(J13),J13<0),C13<0,D13<0,F13<0,H13<0,C13>1000000000,D13>1000000000000,F13>1000000000000,H13>1000000000000,J13>1000000000000,IF(ISNUMBER(C13),C13<>INT(C13),FALSE)),"REVISAR",IF(COUNT(C13,D13,F13,H13)<4,"FALTA INFORMACIÓN","OK"))) -> OK
A14: =IF(NOT(ISNUMBER($B$5)),"REVISAR FECHA",DATE(YEAR($B$5),MONTH($B$5)+ROW()-9,1)) -> 46447 | B14: Proyección | C14: 424 | D14: 125000 | E14: =IF(M14<>"OK","",C14*D14) -> 53000000 | F14: 75000 | G14: =IF(M14<>"OK","",C14*F14) -> 31800000 | H14: 15000000 | I14: =IF(M14<>"OK","",E14-G14-H14) -> 6200000 | J14: 55000000 | K14: =IF(M14<>"OK","",IF(NOT(ISNUMBER(J14)),"Nuevo periodo",E14-J14)) -> -2000000 | L14: Supuesto de crecimiento gradual de unidades. | M14: =IF(NOT(ISNUMBER($B$5)),"REVISAR FECHA",IF(OR(COUNT(C14,D14,F14,H14)<COUNTA(C14,D14,F14,H14),AND(J14<>"",NOT(ISNUMBER(J14))),AND(ISNUMBER(J14),J14<0),C14<0,D14<0,F14<0,H14<0,C14>1000000000,D14>1000000000000,F14>1000000000000,H14>1000000000000,J14>1000000000000,IF(ISNUMBER(C14),C14<>INT(C14),FALSE)),"REVISAR",IF(COUNT(C14,D14,F14,H14)<4,"FALTA INFORMACIÓN","OK"))) -> OK
A15: =IF(NOT(ISNUMBER($B$5)),"REVISAR FECHA",DATE(YEAR($B$5),MONTH($B$5)+ROW()-9,1)) -> 46478 | B15: Proyección | C15: 432 | D15: 125000 | E15: =IF(M15<>"OK","",C15*D15) -> 54000000 | F15: 75000 | G15: =IF(M15<>"OK","",C15*F15) -> 32400000 | H15: 15000000 | I15: =IF(M15<>"OK","",E15-G15-H15) -> 6600000 | J15: 56000000 | K15: =IF(M15<>"OK","",IF(NOT(ISNUMBER(J15)),"Nuevo periodo",E15-J15)) -> -2000000 | L15: Se mantiene una mejora moderada de volumen. | M15: =IF(NOT(ISNUMBER($B$5)),"REVISAR FECHA",IF(OR(COUNT(C15,D15,F15,H15)<COUNTA(C15,D15,F15,H15),AND(J15<>"",NOT(ISNUMBER(J15))),AND(ISNUMBER(J15),J15<0),C15<0,D15<0,F15<0,H15<0,C15>1000000000,D15>1000000000000,F15>1000000000000,H15>1000000000000,J15>1000000000000,IF(ISNUMBER(C15),C15<>INT(C15),FALSE)),"REVISAR",IF(COUNT(C15,D15,F15,H15)<4,"FALTA INFORMACIÓN","OK"))) -> OK
A16: =IF(NOT(ISNUMBER($B$5)),"REVISAR FECHA",DATE(YEAR($B$5),MONTH($B$5)+ROW()-9,1)) -> 46508 | B16: Proyección | C16: 440 | D16: 125000 | E16: =IF(M16<>"OK","",C16*D16) -> 55000000 | F16: 75000 | G16: =IF(M16<>"OK","",C16*F16) -> 33000000 | H16: 15000000 | I16: =IF(M16<>"OK","",E16-G16-H16) -> 7000000 | J16: 57000000 | K16: =IF(M16<>"OK","",IF(NOT(ISNUMBER(J16)),"Nuevo periodo",E16-J16)) -> -2000000 | L16: Aumento gradual frente a meses anteriores. | M16: =IF(NOT(ISNUMBER($B$5)),"REVISAR FECHA",IF(OR(COUNT(C16,D16,F16,H16)<COUNTA(C16,D16,F16,H16),AND(J16<>"",NOT(ISNUMBER(J16))),AND(ISNUMBER(J16),J16<0),C16<0,D16<0,F16<0,H16<0,C16>1000000000,D16>1000000000000,F16>1000000000000,H16>1000000000000,J16>1000000000000,IF(ISNUMBER(C16),C16<>INT(C16),FALSE)),"REVISAR",IF(COUNT(C16,D16,F16,H16)<4,"FALTA INFORMACIÓN","OK"))) -> OK
A17: =IF(NOT(ISNUMBER($B$5)),"REVISAR FECHA",DATE(YEAR($B$5),MONTH($B$5)+ROW()-9,1)) -> 46539 | B17: Proyección | C17: 448 | D17: 125000 | E17: =IF(M17<>"OK","",C17*D17) -> 56000000 | F17: 75000 | G17: =IF(M17<>"OK","",C17*F17) -> 33600000 | H17: 15000000 | I17: =IF(M17<>"OK","",E17-G17-H17) -> 7400000 | J17: 58000000 | K17: =IF(M17<>"OK","",IF(NOT(ISNUMBER(J17)),"Nuevo periodo",E17-J17)) -> -2000000 | L17: Aumento gradual frente a meses anteriores. | M17: =IF(NOT(ISNUMBER($B$5)),"REVISAR FECHA",IF(OR(COUNT(C17,D17,F17,H17)<COUNTA(C17,D17,F17,H17),AND(J17<>"",NOT(ISNUMBER(J17))),AND(ISNUMBER(J17),J17<0),C17<0,D17<0,F17<0,H17<0,C17>1000000000,D17>1000000000000,F17>1000000000000,H17>1000000000000,J17>1000000000000,IF(ISNUMBER(C17),C17<>INT(C17),FALSE)),"REVISAR",IF(COUNT(C17,D17,F17,H17)<4,"FALTA INFORMACIÓN","OK"))) -> OK
A18: =IF(NOT(ISNUMBER($B$5)),"REVISAR FECHA",DATE(YEAR($B$5),MONTH($B$5)+ROW()-9,1)) -> 46569 | B18: Proyección | C18: 456 | D18: 125000 | E18: =IF(M18<>"OK","",C18*D18) -> 57000000 | F18: 75000 | G18: =IF(M18<>"OK","",C18*F18) -> 34200000 | H18: 15000000 | I18: =IF(M18<>"OK","",E18-G18-H18) -> 7800000 | J18: 59000000 | K18: =IF(M18<>"OK","",IF(NOT(ISNUMBER(J18)),"Nuevo periodo",E18-J18)) -> -2000000 | L18: Aumento gradual frente a meses anteriores. | M18: =IF(NOT(ISNUMBER($B$5)),"REVISAR FECHA",IF(OR(COUNT(C18,D18,F18,H18)<COUNTA(C18,D18,F18,H18),AND(J18<>"",NOT(ISNUMBER(J18))),AND(ISNUMBER(J18),J18<0),C18<0,D18<0,F18<0,H18<0,C18>1000000000,D18>1000000000000,F18>1000000000000,H18>1000000000000,J18>1000000000000,IF(ISNUMBER(C18),C18<>INT(C18),FALSE)),"REVISAR",IF(COUNT(C18,D18,F18,H18)<4,"FALTA INFORMACIÓN","OK"))) -> OK
A19: =IF(NOT(ISNUMBER($B$5)),"REVISAR FECHA",DATE(YEAR($B$5),MONTH($B$5)+ROW()-9,1)) -> 46600 | B19: Proyección | C19: 464 | D19: 125000 | E19: =IF(M19<>"OK","",C19*D19) -> 58000000 | F19: 75000 | G19: =IF(M19<>"OK","",C19*F19) -> 34800000 | H19: 15000000 | I19: =IF(M19<>"OK","",E19-G19-H19) -> 8200000 | J19: 60000000 | K19: =IF(M19<>"OK","",IF(NOT(ISNUMBER(J19)),"Nuevo periodo",E19-J19)) -> -2000000 | L19: Aumento gradual frente a meses anteriores. | M19: =IF(NOT(ISNUMBER($B$5)),"REVISAR FECHA",IF(OR(COUNT(C19,D19,F19,H19)<COUNTA(C19,D19,F19,H19),AND(J19<>"",NOT(ISNUMBER(J19))),AND(ISNUMBER(J19),J19<0),C19<0,D19<0,F19<0,H19<0,C19>1000000000,D19>1000000000000,F19>1000000000000,H19>1000000000000,J19>1000000000000,IF(ISNUMBER(C19),C19<>INT(C19),FALSE)),"REVISAR",IF(COUNT(C19,D19,F19,H19)<4,"FALTA INFORMACIÓN","OK"))) -> OK
A20: =IF(NOT(ISNUMBER($B$5)),"REVISAR FECHA",DATE(YEAR($B$5),MONTH($B$5)+ROW()-9,1)) -> 46631 | B20: Proyección | C20: 472 | D20: 125000 | E20: =IF(M20<>"OK","",C20*D20) -> 59000000 | F20: 75000 | G20: =IF(M20<>"OK","",C20*F20) -> 35400000 | H20: 15000000 | I20: =IF(M20<>"OK","",E20-G20-H20) -> 8600000 | J20: 61000000 | K20: =IF(M20<>"OK","",IF(NOT(ISNUMBER(J20)),"Nuevo periodo",E20-J20)) -> -2000000 | L20: Aumento gradual frente a meses anteriores. | M20: =IF(NOT(ISNUMBER($B$5)),"REVISAR FECHA",IF(OR(COUNT(C20,D20,F20,H20)<COUNTA(C20,D20,F20,H20),AND(J20<>"",NOT(ISNUMBER(J20))),AND(ISNUMBER(J20),J20<0),C20<0,D20<0,F20<0,H20<0,C20>1000000000,D20>1000000000000,F20>1000000000000,H20>1000000000000,J20>1000000000000,IF(ISNUMBER(C20),C20<>INT(C20),FALSE)),"REVISAR",IF(COUNT(C20,D20,F20,H20)<4,"FALTA INFORMACIÓN","OK"))) -> OK
A21: =IF(NOT(ISNUMBER($B$5)),"REVISAR FECHA",DATE(YEAR($B$5),MONTH($B$5)+ROW()-9,1)) -> 46661 | B21: Proyección | C21: 480 | D21: 125000 | E21: =IF(M21<>"OK","",C21*D21) -> 60000000 | F21: 75000 | G21: =IF(M21<>"OK","",C21*F21) -> 36000000 | H21: 15000000 | I21: =IF(M21<>"OK","",E21-G21-H21) -> 9000000 | K21: =IF(M21<>"OK","",IF(NOT(ISNUMBER(J21)),"Nuevo periodo",E21-J21)) -> Nuevo periodo | L21: Nuevo mes que se incorpora al horizonte móvil. | M21: =IF(NOT(ISNUMBER($B$5)),"REVISAR FECHA",IF(OR(COUNT(C21,D21,F21,H21)<COUNTA(C21,D21,F21,H21),AND(J21<>"",NOT(ISNUMBER(J21))),AND(ISNUMBER(J21),J21<0),C21<0,D21<0,F21<0,H21<0,C21>1000000000,D21>1000000000000,F21>1000000000000,H21>1000000000000,J21>1000000000000,IF(ISNUMBER(C21),C21<>INT(C21),FALSE)),"REVISAR",IF(COUNT(C21,D21,F21,H21)<4,"FALTA INFORMACIÓN","OK"))) -> OK

Sheet Resumen
A2: Resumen del pronóstico
A3: Ventas y resultado operativo proyectados para los doce meses siguientes al último cierre real.
A5: Último mes real cerrado | C5: =IF(ISNUMBER(Pronóstico!B5),Pronóstico!B5,"REVISAR FECHA") -> 46296
A7: Ventas pronosticadas (12 meses) | E7: Resultado operativo proyectado (12 meses) | I7: Meses con resultado negativo
B8: =IF(COUNTIF(Pronóstico!M9:M21,"REVISAR FECHA")>0,"REVISAR FECHA",IF(COUNTIF(Pronóstico!M9:M21,"REVISAR")>0,"REVISAR DATOS",IF(COUNTIF(Pronóstico!M9:M21,"FALTA INFORMACIÓN")>0,"FALTA INFORMACIÓN",IF(OR(COUNT(Pronóstico!E10:E21)<12,COUNT(Pronóstico!I10:I21)<12),"REVISAR CÁLCULOS",SUM(Pronóstico!E10:E21))))) -> 655000000 | F8: =IF(COUNTIF(Pronóstico!M9:M21,"REVISAR FECHA")>0,"REVISAR FECHA",IF(COUNTIF(Pronóstico!M9:M21,"REVISAR")>0,"REVISAR DATOS",IF(COUNTIF(Pronóstico!M9:M21,"FALTA INFORMACIÓN")>0,"FALTA INFORMACIÓN",IF(OR(COUNT(Pronóstico!E10:E21)<12,COUNT(Pronóstico!I10:I21)<12),"REVISAR CÁLCULOS",SUM(Pronóstico!I10:I21))))) -> 82000000 | J8: =IF(COUNTIF(Pronóstico!M9:M21,"REVISAR FECHA")>0,"REVISAR FECHA",IF(COUNTIF(Pronóstico!M9:M21,"REVISAR")>0,"REVISAR DATOS",IF(COUNTIF(Pronóstico!M9:M21,"FALTA INFORMACIÓN")>0,"FALTA INFORMACIÓN",IF(OR(COUNT(Pronóstico!E10:E21)<12,COUNT(Pronóstico!I10:I21)<12),"REVISAR CÁLCULOS",COUNTIF(Pronóstico!I10:I21,"<0"))))) -> 0
B9: COP | F9: COP | J9: de 12 meses
A12: Mes | B12: Ventas (COP) | C12: Costos variables (COP) | D12: Gastos operativos fijos (COP) | E12: Resultado operativo (COP) | F12: Variación vs. forecast anterior (COP) | G12: Estado de revisión
A13: =IF(ISNUMBER(Pronóstico!A10),TEXT(Pronóstico!A10,"mmm-yy"),Pronóstico!A10) -> nov-26 | B13: =Pronóstico!E10 -> 49000000 | C13: =Pronóstico!G10 -> 29400000 | D13: =Pronóstico!H10 -> 15000000 | E13: =Pronóstico!I10 -> 4600000 | F13: =Pronóstico!K10 -> -3000000 | G13: =Pronóstico!M10 -> OK
A14: =IF(ISNUMBER(Pronóstico!A11),TEXT(Pronóstico!A11,"mmm-yy"),Pronóstico!A11) -> dic-26 | B14: =Pronóstico!E11 -> 53000000 | C14: =Pronóstico!G11 -> 31800000 | D14: =Pronóstico!H11 -> 15000000 | E14: =Pronóstico!I11 -> 6200000 | F14: =Pronóstico!K11 -> -2000000 | G14: =Pronóstico!M11 -> OK
A15: =IF(ISNUMBER(Pronóstico!A12),TEXT(Pronóstico!A12,"mmm-yy"),Pronóstico!A12) -> ene-27 | B15: =Pronóstico!E12 -> 52000000 | C15: =Pronóstico!G12 -> 31200000 | D15: =Pronóstico!H12 -> 15000000 | E15: =Pronóstico!I12 -> 5800000 | F15: =Pronóstico!K12 -> -2000000 | G15: =Pronóstico!M12 -> OK
A16: =IF(ISNUMBER(Pronóstico!A13),TEXT(Pronóstico!A13,"mmm-yy"),Pronóstico!A13) -> feb-27 | B16: =Pronóstico!E13 -> 49000000 | C16: =Pronóstico!G13 -> 29400000 | D16: =Pronóstico!H13 -> 15000000 | E16: =Pronóstico!I13 -> 4600000 | F16: =Pronóstico!K13 -> -3000000 | G16: =Pronóstico!M13 -> OK
A17: =IF(ISNUMBER(Pronóstico!A14),TEXT(Pronóstico!A14,"mmm-yy"),Pronóstico!A14) -> mar-27 | B17: =Pronóstico!E14 -> 53000000 | C17: =Pronóstico!G14 -> 31800000 | D17: =Pronóstico!H14 -> 15000000 | E17: =Pronóstico!I14 -> 6200000 | F17: =Pronóstico!K14 -> -2000000 | G17: =Pronóstico!M14 -> OK
A18: =IF(ISNUMBER(Pronóstico!A15),TEXT(Pronóstico!A15,"mmm-yy"),Pronóstico!A15) -> abr-27 | B18: =Pronóstico!E15 -> 54000000 | C18: =Pronóstico!G15 -> 32400000 | D18: =Pronóstico!H15 -> 15000000 | E18: =Pronóstico!I15 -> 6600000 | F18: =Pronóstico!K15 -> -2000000 | G18: =Pronóstico!M15 -> OK
A19: =IF(ISNUMBER(Pronóstico!A16),TEXT(Pronóstico!A16,"mmm-yy"),Pronóstico!A16) -> may-27 | B19: =Pronóstico!E16 -> 55000000 | C19: =Pronóstico!G16 -> 33000000 | D19: =Pronóstico!H16 -> 15000000 | E19: =Pronóstico!I16 -> 7000000 | F19: =Pronóstico!K16 -> -2000000 | G19: =Pronóstico!M16 -> OK
A20: =IF(ISNUMBER(Pronóstico!A17),TEXT(Pronóstico!A17,"mmm-yy"),Pronóstico!A17) -> jun-27 | B20: =Pronóstico!E17 -> 56000000 | C20: =Pronóstico!G17 -> 33600000 | D20: =Pronóstico!H17 -> 15000000 | E20: =Pronóstico!I17 -> 7400000 | F20: =Pronóstico!K17 -> -2000000 | G20: =Pronóstico!M17 -> OK
A21: =IF(ISNUMBER(Pronóstico!A18),TEXT(Pronóstico!A18,"mmm-yy"),Pronóstico!A18) -> jul-27 | B21: =Pronóstico!E18 -> 57000000 | C21: =Pronóstico!G18 -> 34200000 | D21: =Pronóstico!H18 -> 15000000 | E21: =Pronóstico!I18 -> 7800000 | F21: =Pronóstico!K18 -> -2000000 | G21: =Pronóstico!M18 -> OK
A22: =IF(ISNUMBER(Pronóstico!A19),TEXT(Pronóstico!A19,"mmm-yy"),Pronóstico!A19) -> ago-27 | B22: =Pronóstico!E19 -> 58000000 | C22: =Pronóstico!G19 -> 34800000 | D22: =Pronóstico!H19 -> 15000000 | E22: =Pronóstico!I19 -> 8200000 | F22: =Pronóstico!K19 -> -2000000 | G22: =Pronóstico!M19 -> OK
A23: =IF(ISNUMBER(Pronóstico!A20),TEXT(Pronóstico!A20,"mmm-yy"),Pronóstico!A20) -> sep-27 | B23: =Pronóstico!E20 -> 59000000 | C23: =Pronóstico!G20 -> 35400000 | D23: =Pronóstico!H20 -> 15000000 | E23: =Pronóstico!I20 -> 8600000 | F23: =Pronóstico!K20 -> -2000000 | G23: =Pronóstico!M20 -> OK
A24: =IF(ISNUMBER(Pronóstico!A21),TEXT(Pronóstico!A21,"mmm-yy"),Pronóstico!A21) -> oct-27 | B24: =Pronóstico!E21 -> 60000000 | C24: =Pronóstico!G21 -> 36000000 | D24: =Pronóstico!H21 -> 15000000 | E24: =Pronóstico!I21 -> 9000000 | F24: =Pronóstico!K21 -> Nuevo periodo | G24: =Pronóstico!M21 -> OK
A25: Resultado operativo simplificado = ventas − costos variables − gastos operativos fijos. No equivale a utilidad neta ni a flujo de caja.
